 Dungeon Crawl Stone Soup version 0.30-a0-778-g2ef04afb54 (webtiles) character file.

Game seed: 10567326832753457192

54 cforsyth the Caller (level 3, -5/19 HPs)
             Began as a Tengu Summoner on Feb 17, 2023.
             Slain by a goblin
             ... wielding a +0 club
             ... led by Robin
              (6 damage)
             ... on level 1 of the Dungeon.
             The game lasted 00:03:44 (1477 turns).

cforsyth the Caller (Tengu Summoner)                Turns: 1477, Time: 00:03:44

Health: -5/19      AC:  2    Str:  8    XL:     3   Next: 91%
Magic:  3/8        EV: 12    Int: 17    God:
Gold:   55         SH:  0    Dex: 14    Spells: 2/8 levels left

rFire   . . .      SeeInvis .    (no weapon)
rCold   . . .      Faith    .    (no shield)
rNeg    . . .      Spirit   .    a - +0 robe
rPois   .          Reflect  .    (helmet restricted)
rElec   .          Harm     .    (no cloak)
rCorr   .          Rampage  .    (no gloves)
Will    .....                    (boots unavailable)
Stlth   ++                       (no amulet)
HPRegen 0.23/turn                (no ring)
MPRegen 0.11/turn                (no ring)

@: no status effects
A: beak, talons 3
a: no special abilities


You were on level 1 of the Dungeon.
You visited 1 branch of the dungeon, and saw 2 of its levels.

You collected 55 gold pieces.

Inventory:

Armour
 a - a +0 robe (worn)
Jewellery
 e - a ring of wizardry
Scrolls
 f - a scroll of teleportation {unknown}
Potions
 b - a potion of magic
 c - a potion of might {unknown}
 g - a potion of curing {unknown}
 h - a potion of invisibility {unknown}
 i - a potion of mutation {unknown}


   Skills:
 - Level 2.1 Dodging
 - Level 2.0 Stealth
 + Level 3.0 Spellcasting
 + Level 5.7 Summonings


You had 2 spell levels left.
You knew the following spells:

 Your Spells              Type           Power      Damage    Failure   Level
a - Summon Small Mammal   Summ           88%        N/A       1%          1
b - Call Imp              Summ           22%        N/A       2%          2
c - Call Canine Familiar  Summ           22%        N/A       4%          3

Your spell library contained the following spells:

 Spells                   Type           Power      Damage    Failure   Level
 Summon Guardian Golem    Hex/Summ       12%        N/A       16%         3
 Summon Lightning Spire   Summ/Air       12%        N/A       47%         4


Dungeon Overview and Level Annotations

Branches:
Dungeon (2/15)

Altars:

Annotations:
D:2 Robin


Innate Abilities, Weirdness & Mutations

You have a beak for a mouth.
You have claws for feet.


Message History

A hobgoblin comes into view.
The goblin barely misses your quokka.
Your quokka barely misses the hobgoblin.
The goblin unwields a +1 dagger of draining.
The goblin wields a +0 sling.
The goblin shoots a sling bullet.
The sling bullet misses your hound. The sling bullet hits you.
The hobgoblin misses your hound.
A goblin comes into view. It is wielding a +0 club.
The goblin closely misses your quokka.
Something hits your quokka but does no damage.
Your hound bites the hobgoblin.
The hobgoblin dies!
Your quokka bites the goblin.
The goblin shoots a sling bullet.
The sling bullet hits your hound.
Your quokka bites the goblin.
The goblin dies!
Your hound barely misses the goblin.
Your Spellcasting skill increases to level 3!
Your hound bites the goblin.
The goblin unwields a +0 sling.
The goblin wields a +1 dagger of draining.
You sense an unholy aura.
The goblin completely misses your hound.
Your quokka bites the goblin.
The goblin hits your hound with a +0 club.
Robin throws the goblin at you!
Your hound bites the goblin.
The goblin dies!
Your quokka barely misses the goblin.
Your hound bites the goblin.
The goblin dies!
Robin barely misses your quokka. The goblin hits you with a +0 club.
* * * LOW HITPOINT WARNING * * *
You climb upwards.
There is a stone staircase leading down here.
Casting: Summon Small Mammal (safe; 1% risk of failure)
Confirm with . or Enter, or press ? or * to list all spells.
You don't have enough magic to cast this spell.
The goblin attacks as you move away! The goblin hits you with a +0 club.
* * * LOW HITPOINT WARNING * * *
It was a potion of cancellation.
You feel magically purged. The goblin hits you with a +0 club.
You die...

.###.# #.#..#.#...#.#####.#
...#.# #.#.##.#.#.#.# #.# ##.#.#
#.#..#.#.###.# #.# .....#
#....#.#.....# #.# ##†###
###..#.###########.# ##.#
#..#.............# ##.#######
#..############### #.......#
#..#......#.h....# #######.#
#....@g...#.####.# ### #.#
##.#.###..#..h.#.###.. ##### #.#
#.#...#..####.#.#.... #...# #.#
#...#.#>.#....#......
#...####.######.#.#..#.####.##...
#..)##..........#.............)..
#...##....#########.##.####.###..
...........# ####.#.........
...........# #..........#


You could see a goblin (strong).

Vanquished Creatures
  2 ball pythons (D:1)
  An endoplasm (D:1)
  A giant cockroach (D:1)
  A goblin (D:2)
  2 hobgoblins (D:1)
  A jackal (D:1)
  A bat (D:1)
  A frilled lizard (D:1)
10 creatures vanquished.

Vanquished Creatures (collateral kills)
  A gnoll (D:1)
  A dart slug (D:1)
  A giant cockroach (D:1)
  4 goblins (D:2)
  6 hobgoblins
  3 jackals (D:1)
  A ball python (D:1)
  2 bats (D:1)
  6 frilled lizards (D:1)
  2 kobolds (D:1)
  A rat (D:1)
28 creatures vanquished.

Grand Total: 38 creatures vanquished

Notes
Turn   | Place    | Note
-------+----------+-------------------------------------------
     0 | D:1      | cforsyth the Tengu Summoner began the quest for the Orb.
     0 | D:1      | Reached XP level 1. HP: 10/10 MP: 4/4
   175 | D:1      | Reached skill level 5 in Summonings
   270 | D:1      | Reached XP level 2. HP: 15/15 MP: 6/6
   605 | D:1      | Reached XP level 3. HP: 19/19 MP: 4/7
   608 | D:1      | Learned a level 2 spell: Call Imp
   612 | D:1      | Learned a level 3 spell: Call Canine Familiar
  1462 | D:2      | Noticed Robin
  1477 | D:1      | Slain by a goblin

Illustrated notes

Levels and vault maps discovered:
D:1:      evilmike_arrival_grusome_pit, layout_basic
D:2:      layout_basic, uniq_robin, uniq_jessica, uniq_crazy_yiuf_cottage

Skill      XL: |  1  2  3 |
---------------+----------+-----
Summonings     | 5 |  5.7
Spellcasting   | 3 |  3.0
Dodging        | |  2.1
Stealth        | |  2.0

Action                     || total
---------------------------++-------
  Melee: Unarmed           ||    48
         Kick              ||    14
         Peck              ||     7
   Cast: Summon Small Mamm ||    39
         Call Canine Famil ||     6
         Call Imp          ||     2
    Use: Potion            ||     1
   Stab: Sleeping          ||     1
 Armour: Robe              ||    12
  Dodge: Dodged            ||    33

Table legend: (Time is in decaauts)
 A = Elapsed time spent in this place.
 B = Non-inter-level travel time spent in this place.
 C = Inter-level travel time spent in this place.
 D = Time resting spent in this place.
 E = Time spent auto-exploring this place.
 F = Levels seen in this place.
 G = Mean time per level.
                   A        B        C        D        E       F      G
               +--------+--------+--------+--------+--------+-----+--------+
         Total |   1477 |   1470 |      7 |      4 |   1067 |   2 |  738.5 |
       Dungeon |   1477 |   1470 |      7 |      4 |   1067 |   2 |  738.5 |
               +--------+--------+--------+--------+--------+-----+--------+

Top non-repeatable levels by time:
     D:1: 1465 daAuts
     D:2: 11 daAuts
